Map: Crête de Lerilak

Players

zidar - Winner!

  • Race: Zerg Zerg
  • League: Silver
  • Spawn Location: 1:00

DERF

  • Race: Protoss Protoss
  • League: Silver
  • Spawn Location: 7:00

VOD

Have the link to the VOD?

Description

Time

  • Played on: Feb. 19, 2016, 2:08 a.m.
  • Length: 14:41
Show
View Real Time Build Order
Export as new Build Order

zidar Zerg - Winner!

Build Orders: Pool First 

Get SALT Encoding   

  12  0:01  Drone  
  13  0:12  Overlord  
  13  0:17  Drone  
  14  0:30  Drone x2  
  14  0:34  Drone  
  17  0:48  Spawning Pool  
  16  0:50  Drone  
  17  1:13  Hatchery  
  17  1:16  Drone  
  17  1:20  Extractor  
  17  1:24  Drone  
  17  1:47  Queen  
  17  1:49  Drone  
  17  1:51  Overlord  
  20  1:58  Drone  
  21  2:10  Drone  
  22  2:21  Drone  
  23  2:26  Queen  
  24  2:39  Zergling x2  
  24  2:40  Zergling x6  
  24  2:42  Metabolic Boost  
  28  2:48  Roach Warren  
  28  2:50  Drone  
  28  3:05  Zergling x2  
  29  3:06  Zergling x8  
  29  3:11  Overlord  
  33  3:18  Drone x2  
  35  3:33  Drone x5  
  40  3:39  Extractor  
  39  3:52  Zergling x8  
  39  3:53  Zergling x2  
  44  3:58  Overlord  
  36  4:39  Roach x6  
  47  4:51  Roach x2  
  51  5:04  Overlord x2  
  48  5:34  Spore Crawler  
  45  5:37  Lair  
  45  5:40  Spore Crawler  
  44  5:45  Roach x12  
  68  6:10  Spine Crawler, Drone  
  68  6:11  Overlord x2  
  68  6:28  Spine Crawler  
  68  6:31  Drone x9  
  76  6:35  Overseer  
  76  7:02  Hydralisk Den  
  76  7:04  Drone x5  
  80  7:09  Extractor  
  80  7:13  Extractor  
  78  7:22  Drone x4  
  82  7:31  Hydralisk  
  82  7:35  Overlord x3  
  84  7:52  Glial Reconstitution  
  84  7:55  Hydralisk  
  84  7:56  Hydralisk x9  
  104  8:07  Muscular Augments  
  104  8:17  Hydralisk  
  104  8:18  Hydralisk  
  108  8:26  Hatchery  
  107  8:46  Evolution Chamber  
  106  8:49  Evolution Chamber  
  106  8:54  Queen  
  107  9:10  Drone  
  107  9:12  Overlord x3  
  60  9:56  Overseer  
  60  10:03  Roach  
  60  10:04  Roach x11, Hydralisk  
  60  10:05  Hydralisk x6  
  98  10:16  Drone x2  
  100  10:27  Zerg Missile Weapons Level 1, Zerg Ground Armor Level 1  
  100  10:35  Overseer  
  100  10:41  Pneumatized Carapace  
  100  10:58  Drone x6  
  100  10:59  Drone x8  
  88  11:53  Hydralisk x11  
  102  11:55  Roach x8  
  122  12:31  Roach  
  122  12:32  Roach x2, Hydralisk  
  122  12:36  Overlord  
  122  12:37  Overlord x2  
  130  13:03  Roach  
  130  13:04  Roach x5, Hydralisk  
  130  13:05  Hydralisk  
  146  14:11  Hatchery  
  145  14:28  Extractor  
  142  14:33  Extractor  
Show
View Real Time Build Order
Export as new Build Order

DERF Protoss 

Build Orders:  

Get SALT Encoding   

  12  0:01  Probe (Chrono Boost)  
  13  0:12  Probe (Chrono Boost)  
  14  0:20  Pylon  
  14  0:24  Probe (Chrono Boost)  
  15  0:38  Probe (Chrono Boost)  
  15  0:40  Gateway  
  16  0:46  Assimilator  
  16  0:49  Probe (Chrono Boost)  
  17  0:55  Assimilator  
  17  1:03  Gateway  
  17  1:07  Probe (Chrono Boost)  
  18  1:20  Probe (Chrono Boost)  
  19  1:30  Probe (Chrono Boost), Cybernetics Core  
  20  1:34  Zealot  
  22  1:44  Probe (Chrono Boost)  
  23  2:07  Pylon  
  23  2:10  Warp Gate (Chrono Boost)  
  23  2:18  Robotics Facility  
  23  2:49  Zealot  
  23  2:51  Zealot  
  29  2:58  Mothership Core  
  29  3:16  Nexus  
  29  3:17  Twilight Council  
  29  3:19  Probe  
  30  3:32  Pylon  
  30  3:35  Gateway  
  30  3:50  Stalker (Chrono Boost)  
  30  3:54  Stalker (Chrono Boost)  
  34  4:04  Dark Shrine  
  23  4:53  Probe  
  23  4:55  Forge  
  24  5:04  Probe (Chrono Boost)  
  25  5:12  Probe (Chrono Boost)  
  26  5:16  Probe (Chrono Boost)  
  27  5:23  Probe (Chrono Boost)  
  27  5:27  Probe (Chrono Boost)  
  29  5:33  Probe (Chrono Boost)  
  29  5:39  Immortal  
  29  5:42  Probe (Chrono Boost)  
  34  5:44  Probe (Chrono Boost)  
  35  5:52  Probe (Chrono Boost)  
  35  5:54  Probe (Chrono Boost)  
  35  5:56  Stalker  
  39  6:01  Stalker  
  41  6:08  Stalker  
  43  6:11  Probe (Chrono Boost)  
  43  6:16  Probe (Chrono Boost)  
  45  6:26  Charge  
  45  6:27  Probe (Chrono Boost)  
  45  6:29  Probe (Chrono Boost)  
  47  6:37  Probe (Chrono Boost)  
  49  6:40  Probe (Chrono Boost)  
  49  6:42  Zealot  
  51  6:47  Zealot  
  51  6:48  Probe (Chrono Boost)  
  54  7:06  Pylon  
  54  7:13  Nexus  
  54  7:17  Pylon  
  54  7:20  Pylon  
  54  7:25  Probe x2 (Chrono Boost)  
  54  7:26  Zealot  
  54  7:27  Zealot  
  60  7:33  Protoss Shields Level 1  
  60  7:43  Immortal  
  64  7:48  Probe (Chrono Boost)  
  65  7:54  Assimilator  
  66  7:58  Probe (Chrono Boost)  
  66  7:59  Assimilator  
  66  8:01  Stalker  
  66  8:05  Stalker  
  70  8:09  Probe (Chrono Boost)  
  70  8:10  Stalker  
  73  8:22  Forge  
  73  8:25  Stalker  
  73  8:26  Pylon  
  75  8:33  Immortal  
  79  8:35  Probe (Chrono Boost)  
  79  8:38  Probe (Chrono Boost)  
  81  8:49  Probe (Chrono Boost)  
  81  8:51  Probe (Chrono Boost)  
  81  8:53  Assimilator  
  83  8:57  Assimilator  
  83  9:01  Probe (Chrono Boost)  
  84  9:03  Protoss Ground Weapons Level 1  
  84  9:08  Templar Archives  
  84  9:11  Probe (Chrono Boost)  
  85  9:20  Forge  
  85  9:22  Probe (Chrono Boost)  
  84  9:30  Stalker  
  84  9:31  Stalker x2  
  52  9:38  Immortal  
  52  9:42  Dark Templar  
  52  9:45  Dark Templar  
  52  9:50  Dark Templar  
  51  9:54  Probe (Chrono Boost)  
  52  10:05  Probe (Chrono Boost)  
  53  10:10  Robotics Facility  
  53  10:12  Robotics Facility  
  53  10:16  Probe (Chrono Boost)  
  53  10:18  Immortal  
  53  10:20  Pylon  
  58  10:22  Pylon  
  58  10:25  Probe (Chrono Boost)  
  58  10:26  Probe (Chrono Boost)  
  60  10:35  Probe (Chrono Boost)  
  61  10:37  Mothership Core (Chrono Boost)  
  61  10:40  Nexus  
  63  10:46  Probe (Chrono Boost)  
  64  10:56  Probe (Chrono Boost)  
  65  10:57  Immortal  
  65  10:59  Immortal  
  65  11:03  Robotics Facility  
  73  11:07  Probe (Chrono Boost)  
  73  11:09  Immortal  
  66  11:36  Immortal  
  67  11:57  Probe (Chrono Boost)  
  63  12:07  Probe (Chrono Boost)  
  46  12:18  Probe (Chrono Boost)  
  39  12:25  Pylon  
  39  12:27  Probe (Chrono Boost), Pylon  
  39  12:28  Probe (Chrono Boost)  
  39  12:29  Pylon  
  41  12:33  Assimilator  
  41  12:37  Assimilator  
  41  12:38  Probe (Chrono Boost)  
  41  12:39  Probe (Chrono Boost)  
  43  12:45  Cybernetics Core  
  43  12:48  Robotics Facility, Probe (Chrono Boost)  
  43  12:49  Probe (Chrono Boost)  
  43  12:50  Robotics Facility  
  41  12:52  Robotics Facility  
  41  12:55  Gateway  
  41  12:57  Gateway  
  39  12:59  Probe (Chrono Boost), Gateway  
  39  13:00  Probe (Chrono Boost)  
  39  13:03  Pylon  
  39  13:05  Pylon  
  41  13:08  Pylon  
  41  13:09  Probe (Chrono Boost)  
  41  13:10  Probe (Chrono Boost)  
  35  13:17  Templar Archives  
  35  13:20  Probe (Chrono Boost)  
  35  13:25  Probe (Chrono Boost)  
  37  13:30  Probe (Chrono Boost)  
  38  13:35  Probe (Chrono Boost), Immortal (Chrono Boost)  
  38  13:41  Probe (Chrono Boost)  
  44  13:44  Probe (Chrono Boost)  
  44  13:47  Immortal (Chrono Boost)  
  49  13:52  Probe  
  49  13:55  Probe  
  54  14:00  Immortal (Chrono Boost)  
  55  14:07  Probe, High Templar  
  55  14:08  High Templar  
  55  14:09  High Templar  
  62  14:12  Archon  
  66  14:28  Gateway  
Tags
 
Add a new tag
Caveats
  • Supply blocks, unpowered buildings, or Contaminate may cause inaccurate times.
  • Supply counts are checked every 10 seconds.